 Dungeon Crawl Stone Soup version 0.22-a0-162-g33bf127 (webtiles) character file.

3826 vishdafish the Carver (level 9, -1/72 HPs)
             Began as a Demonspawn Berserker on Feb 12, 2018.
             Was an Elder of Trog.
             Slain by an orc warrior
             ... wielding a +0 halberd
              (15 damage)
             ... on level 8 of the Dungeon.
             The game lasted 00:15:02 (8792 turns).

vishdafish the Carver (Demonspawn Berserker)        Turns: 8792, Time: 00:15:03

Health: -1/72      AC:  3    Str: 20    XL:     9   Next: 97%
Magic:  0/9        EV: 14    Int:  8    God:    Trog [****..]
Gold:   330        SH:  6    Dex: 14    Spells: 8/8 levels left

rFire    . . .     SeeInvis .   a - +0 falchion
rCold    . . .     Gourm    .   (no shield)
rNeg     . . .     Faith    .   b - +0 animal skin
rPois    .         Spirit   +   s - +0 helmet
rElec    .         Reflect  .   (no cloak)
rCorr    .         Harm     .   (no gloves)
MR       .....                  (no boots)
Stlth    +.........             k - amulet of guardian spirit
HPRegen  0.22/turn              (no ring)
MPRegen  0.11/turn              (no ring)

@: berserk cooldown, slowed, very slow
A: large bone plates 2, demonic guardian 2, spiny 2
a: Berserk, Trog's Hand, Brothers in Arms, Burn Spellbooks, Renounce Religion


You were on level 8 of the Dungeon.
You worshipped Trog.
Trog was greatly pleased with you.
You were hungry.

You visited 1 branch of the dungeon, and saw 8 of its levels.

You collected 330 gold pieces.

Inventory:

Hand Weapons
 a - a +0 falchion (weapon)
 t - a +0 trident
 E - a +2 trident of piercing
 K - a cursed -3 trident
Missiles
 F - 6 poisoned javelins (quivered)
Armour
 b - a +0 animal skin (worn)
 s - a +0 helmet (worn)
Jewellery
 c - an uncursed ring of wizardry
 k - an amulet of guardian spirit (around neck)
 y - an uncursed amulet of magic regeneration
Wands
 u - a wand of digging (15)
 C - a wand of random effects (13)
 G - a wand of paralysis (12)
 J - a wand of flame (35)
 M - a wand of iceblast (6)
Scrolls
 e - a scroll of immolation {unknown}
 h - 2 scrolls of enchant weapon
 i - 7 scrolls of remove curse
 m - 3 scrolls of amnesia
 n - a scroll of noise {unknown}
 r - 2 scrolls of teleportation {unknown}
 v - 2 scrolls of fog {unknown}
 w - a scroll of fear {unknown}
 z - 2 scrolls of enchant armour {unknown}
 A - 4 scrolls of identify
 B - a scroll of summoning {unknown}
 P - a scroll of magic mapping {unknown}
Potions
 d - 2 potions of heal wounds
 f - 2 potions of degeneration
 g - a potion of brilliance {unknown}
 l - 4 potions of curing
 o - 4 potions of cancellation
 p - a potion of flight {unknown}
 q - a potion of mutation {unknown}
 x - a potion of invisibility {unknown}
 D - a potion of might {unknown}
 L - a potion of berserk rage {unknown}
 Q - a potion of lignification {unknown}
Books
 H - a book of Necromancy

   Spells                             Type                      Level
   a - Pain                           Necromancy                   1
   b - Animate Skeleton               Necromancy                   1
   c - Vampiric Draining              Necromancy                   3
   d - Regeneration                   Charms/Necromancy            3
   e - Animate Dead                   Necromancy                   4
   Trog disapproves of the use of such an item.
 I - a book of Flames

   Spells                             Type                      Level
   a - Flame Tongue                   Conjuration/Fire             1
   b - Throw Flame                    Conjuration/Fire             2
   c - Conjure Flame                  Conjuration/Fire             3
   d - Inner Flame                    Hexes/Fire                   3
   e - Sticky Flame                   Conjuration/Fire             4
   f - Fireball                       Conjuration/Fire             5
   Trog disapproves of the use of such an item.
 N - a Young Poisoner's Handbook

   Spells                             Type                      Level
   a - Sting                          Conjuration/Poison           1
   b - Poisonous Vapours              Poison/Air                   2
   c - Mephitic Cloud                 Conjuration/Poison/Air       3
   d - Olgreb's Toxic Radiance        Poison                       4
   e - Venom Bolt                     Conjuration/Poison           5
   Trog disapproves of the use of such an item.
Comestibles
 j - 21 rations


   Skills:
 + Level 7.2 Fighting
 * Level 8.8 Long Blades
 * Level 5.4 Throwing
 - Level 4.4 Armour
 - Level 4.4 Dodging
 - Level 0.3 Stealth


You had 8 spell levels left.
You didn't know any spells.

Dungeon Overview and Level Annotations

Branches:
Dungeon (8/15)             Temple (0/1) D:7
   Lair: D:8-11

Altars:
Ashenzari
Elyvilon
Fedhas
Kikubaaqudgha
Makhleb
Nemelex Xobeh
Okawaru
Qazlal
Vehumet
Xom

Shops:
D:6 (


Innate Abilities, Weirdness & Mutations

You are mostly covered in large bone plates. (SH +6)
A demonic guardian rushes to your aid.
You are mostly covered in sharp spines.


Message History

The orc warrior hits you from afar with a halberd!!
* * * LOW HITPOINT WARNING * * *
You see here a hand axe.
You feel a strong urge to attack something.
The orc warrior closely misses you. What are your orders? t - Shout!
Anything else - Cancel.
You are too berserk!
You feel your anger nearly subside.
You are no longer berserk.
You are exhausted.
You feel yourself slow down.
Your orange demon closely misses the orc warrior.
Evoke which item? (* to show all) (? for menu, Esc to quit)
Aiming: Paralyse
Press: ? - help, Shift-Dir - straight line, f - orc warrior
Aim: an orc warrior, wielding a halberd and wearing a plate armour (chance to defeat MR: 46%)
The orc warrior resists with some effort.
Your orange demon closely misses the orc warrior.
The orc warrior hits you from afar with a halberd!!
You die...

######################
#..........#.........#
+..........#.........'
#..........#..@......#
#..........#.........#
#(.........#..o......#
####'###...##)..######
###....###...##..4#
#.............#...#
#.............#...#
'.............'.%.#
#.............#)..#


You could see an orc warrior and a friendly orange demon.

Vanquished Creatures
  Grinder (D:6)
  Prince Ribbit (D:6)
  Sigmund (D:6)
  2 hogs (D:7)
  Eustachio (D:6)
  Duvessa (D:4)
  2 ice beasts (D:7)
  A black bear (D:7)
  A sky beast (D:8)
  A slave (D:6)
  3 ogres
  A phantom (D:4)
  2 bullfrogs (D:7)
  Dowan (D:4)
  4 wights (D:8)
  2 bullfrog zombies (D:5)
  2 crimson imps
  2 bullfrog skeletons (D:5)
  A jelly (D:6)
  4 orc priests
  3 hounds
  3 orc wizards
  An iguana (D:4)
  Ijyb (D:3)
  2 worker ants (D:5)
  A hound zombie (D:5)
  A worker ant zombie (D:5)
  3 gnolls
  12 adders
  An adder zombie (D:7)
  An adder skeleton (D:4)
  6 worms
  3 dart slugs
  9 leopard geckos
  16 orcs
  3 ball pythons
  7 giant cockroaches
  7 goblins
  8 hobgoblins
  9 jackals
  5 kobolds
  A quokka (D:5)
  A bat (D:3)
  4 frilled lizards
  A jackal skeleton (D:6)
  A leopard gecko zombie (D:5)
  A quokka zombie (D:7)
  10 rats
155 creatures vanquished.

Vanquished Creatures (collateral kills)
  Pikel (D:6)
  2 hogs (D:7)
  A human (D:7)
  Edmund (D:6)
  2 orc warriors (D:6)
  A wight (D:8)
  2 hounds
  A worker ant (D:4)
  2 orcs (D:6)
13 creatures vanquished.

Vanquished Creatures (others)
  A hound (D:6)
1 creature vanquished.

Grand Total: 169 creatures vanquished

Notes
Turn   | Place    | Note
-------+----------+-------------------------------------------
     0 | D:1      | vishdafish the Demonspawn Berserker began the quest for the Orb.
     0 | D:1      | Reached XP level 1. HP: 18/18 MP: 1/1
   359 | D:1      | Gained mutation: You are partially covered in large bone plates. (SH +4) [demonic ancestry]
   359 | D:1      | Reached XP level 2. HP: 14/24 MP: 2/2
   688 | D:1      | Reached skill level 3 in Long Blades
  1142 | D:1      | Gained mutation: A weak demonic guardian rushes to your aid. [demonic ancestry]
  1142 | D:1      | Reached XP level 3. HP: 29/29 MP: 3/3
  1220 | D:2      | Found a stormy altar of Qazlal.
  1292 | D:2      | Found a shimmering altar of Xom.
  1574 | D:2      | Found a radiant altar of Vehumet.
  1575 | D:2      | Found a blossoming altar of Fedhas.
  1576 | D:2      | Found a shattered altar of Ashenzari.
  1713 | D:2      | Reached XP level 4. HP: 22/37 MP: 2/4
  1989 | D:2      | Reached ** piety under Trog
  2181 | D:2      | Reached skill level 4 in Long Blades
  2181 | D:2      | Gained mutation: You are partially covered in sharp spines. [demonic ancestry]
  2181 | D:2      | Reached XP level 5. HP: 42/42 MP: 0/5
  2689 | D:3      | Noticed Ijyb
  2690 | D:3      | Found a white marble altar of Elyvilon.
  2703 | D:3      | Killed Ijyb
  2864 | D:3      | Found a burning altar of Makhleb.
  3169 | D:4      | Reached XP level 6. HP: 31/48 MP: 3/6
  3733 | D:4      | Noticed Duvessa
  3734 | D:4      | Noticed Dowan
  3913 | D:4      | Killed Duvessa
  3914 | D:4      | Killed Dowan
  3990 | D:4      | Found an iron altar of Okawaru.
  4015 | D:4      | Reached skill level 5 in Long Blades
  4060 | D:4      | Reached *** piety under Trog
  4060 | D:4      | Gained mutation: A demonic guardian rushes to your aid. [demonic ancestry]
  4060 | D:4      | Reached XP level 7. HP: 55/55 MP: 5/7
  4407 | D:5      | Entered Level 5 of the Dungeon
  4509 | D:5      | Found a sparkling altar of Nemelex Xobeh.
  4677 | D:5      | Reached skill level 5 in Fighting
  5082 | D:5      | Found an ancient bone altar of Kikubaaqudgha.
  5607 | D:5      | Found a blossoming altar of Fedhas.
  5727 | D:6      | Received a gift from Trog
  5791 | D:6      | Noticed Pikel
  5807 | D:6      | Killed Pikel
  5807 | D:6      | Reached skill level 6 in Long Blades
  5807 | D:6      | Gained mutation: You are mostly covered in large bone plates. (SH +6) [demonic ancestry]
  5807 | D:6      | Reached XP level 8. HP: 63/63 MP: 6/8
  6046 | D:6      | Noticed Edmund
  6054 | D:6      | Killed Edmund
  6144 | D:6      | Noticed Eustachio
  6149 | D:6      | Killed Eustachio
  6149 | D:6      | Reached skill level 7 in Long Blades
  6149 | D:6      | Reached skill level 1 in Throwing
  6230 | D:6      | Noticed Sigmund
  6254 | D:6      | Killed Sigmund
  6434 | D:6      | Noticed Prince Ribbit
  6440 | D:6      | Killed Prince Ribbit
  6440 | D:6      | Gained mutation: You are mostly covered in sharp spines. [demonic ancestry]
  6440 | D:6      | Reached XP level 9. HP: 69/69 MP: 7/9
  6580 | D:6      | Found Doaboaze's Antique Weapon Shop.
  7055 | D:6      | Noticed Grinder
  7067 | D:6      | Killed Grinder
  7273 | D:7      | Reached **** piety under Trog
  7333 | D:7      | Reached skill level 8 in Long Blades
  8214 | D:7      | Reached skill level 5 in Throwing
  8399 | D:7      | Found a staircase to the Ecumenical Temple.
  8792 | D:8      | Slain by an orc warrior

Vault maps used:
D:1:      sevenhm_arrival_forest_fort_large_4
D:2:      lemuel_crystal_altar, grunt_temple_overflow_open,
          overflow_temple_1_default
D:3:      elyvilon_altar_5, lemuel_doored_altar, first_ration, uniq_ijyb
D:4:      okawaru_trees_1, uniq_duvessa
D:5:      nemelex_xobeh_ov_fountains_minmay, nicolae_overflow_hidden_temple,
          fedhas_altar_4
D:6:      serial_shops, nicolae_shop_trees, portal_sewer_entry_e,
          uniq_prince_ribbit1, uniq_grinder, uniq_edmund, uniq_eustachio,
          uniq_pikel, uniq_sigmund
D:7:      temple_hall, grunt_livestock
D:8:      nicolae_gozag_cash_rules_everything_around_me

Skill      XL: |  1  2  3  4  5  6  7  8  9 |
---------------+----------------------------+-----
Long Blades    | 3 4 5 6 7 8 |  8.8
Armour         | 2 3 4 |  4.4
Dodging        | 2 3 4 |  4.4
Fighting       | 4 5 6 7 |  7.2
Throwing       | 2 5 |  5.4
Stealth        | |  0.3

Action                   |  1- 3 |  4- 6 |  7- 9 || total
-------------------------+-------+-------+-------++-------
Melee: Falchion          |    65 |   150 |   271 ||   486
       Trident           |       |       |     2 ||     2
Invok: Berserk           |     8 |     8 |    17 ||    33
Evoke: Wand              |       |     1 |     1 ||     2
  Use: Scroll            |       |     4 |     3 ||     7
 Stab: Sleeping          |     1 |     2 |     2 ||     5
  Eat: Chunk             |     3 |    11 |    17 ||    31
       Ration            |     2 |     1 |     4 ||     7
Armor: Animal skin       |     5 |    14 |    30 ||    49
Dodge: Dodged            |    43 |    73 |   107 ||   223
Block: Other             |    10 |    24 |    59 ||    93
       Rpst.: Falchion   |    16 |    19 |    26 ||    61

Table legend:
 A = Spawn XP
 B = Non-spawn XP
 C = Spawn XP percentage of total XP
 D = Spawn monster count
 E = Non-spawn monster count
 F = Spawn count percentage of total count
 G = Total turns spent on level
                    A         B        C        D         E        F      G
               +---------+---------+-------+---------+---------+-------+---------
         Total |       0 |    5466 |   0.0 |       0 |     167 |   0.0 |  8792
               +---------+---------+-------+---------+---------+-------+---------
           D:1 |       0 |      34 |   0.0 |       0 |      11 |   0.0 |  1136
           D:2 |       0 |     178 |   0.0 |       0 |      24 |   0.0 |  1076
           D:3 |       0 |     130 |   0.0 |       0 |      23 |   0.0 |   975
           D:4 |       0 |     529 |   0.0 |       0 |      27 |   0.0 |  1220
           D:5 |       0 |     430 |   0.0 |       0 |      21 |   0.0 |  1304
           D:6 |       0 |    2174 |   0.0 |       0 |      33 |   0.0 |  1522
           D:7 |       0 |    1591 |   0.0 |       0 |      17 |   0.0 |  1196
           D:8 |       0 |     400 |   0.0 |       0 |      11 |   0.0 |   363
               +---------+---------+-------+---------+---------+-------+---------
